 Dungeon Crawl Stone Soup version 0.29-a0-380-gf50f0a9fbc (webtiles) character file.

Game seed: 3042534691945194391

5647 ytrimaz the Reanimator (level 10, -2/63 HPs)
             Began as a Demonspawn Necromancer on May 5, 2022.
             Was a Believer of Dithmenos.
             Slain by Psyche
             ... wielding a +1 dagger of distortion
              (3 damage)
             ... on level 8 of the Dungeon.
             The game lasted 00:14:14 (10205 turns).

ytrimaz the Reanimator (Demonspawn Necromancer)    Turns: 10205, Time: 00:14:15

Health: -2/63      AC: 12    Str:  8    XL:     10   Next: 46%
Magic:  20/20      EV: 23    Int: 21    God:    Dithmenos [**....]
Gold:   462        SH:  0    Dex: 20    Spells: 19/23 levels left

rFire   . . .      SeeInvis .   (weapon currently unavailable)
rCold   . . .      Faith    .   (shield currently unavailable)
rNeg    + + +      Spirit   .   (body armour currently unavailable)
rPois   +          Reflect  .   (helmet currently unavailable)
rElec   .          Harm     .   (cloak currently unavailable)
rCorr   .          Rampage  .   (gloves currently unavailable)
Will    .....                   (boots currently unavailable)
Stlth   ++++......              o - amulet of magic regeneration
HPRegen 0.20/turn               y - +6 ring of dexterity
MPRegen 0.74/turn               (no ring)

@: fungus-form, on berserk cooldown, hasted and slowed, wreathed by umbra,
studying Crossbows
A: melee confuse, terrified, no casting, tiny, (spiny 2), magic regeneration,
(sanguine armour 3), (weakness stinger 1)
a: Renounce Religion, Shadow Step


You were on level 8 of the Dungeon.
You worshipped Dithmenos.
Dithmenos was pleased with you.
You were a sentient fungus.
You visited 2 branches of the dungeon, and saw 11 of its levels.
You also visited: Ossuary.

You collected 462 gold pieces.

Inventory:

Hand Weapons
 e - a +2 dagger of protection (melded)
 i - a +0 dagger of venom
 p - a +1 dagger of electrocution
 v - the +10 mace of Enyampada {venom, rPois rCorr Int+6}
   (You found it on level 7 of the Dungeon)

   It poisons the flesh of those it strikes.
   Int:       It affects your intelligence (+6).
   rPois:     It protects you from poison.
   rCorr:     It protects you from acid and corrosion.
Armour
 a - a +0 robe (melded)
 g - a scarf of repulsion (melded)
 j - the +1 pair of boots of Bedevilment (melded) {rElec}
   (You found it on level 3 of the Dungeon)

   rElec:     It insulates you from electricity.
 n - a +1 helmet (melded)
Jewellery
 o - an amulet of magic regeneration (around neck)
 t - a ring of fire
 y - a +6 ring of dexterity (left hypha)
Wands
 f - a wand of acid (16)
 r - a wand of paralysis (23)
Scrolls
 k - a scroll of magic mapping
 q - 2 scrolls of teleportation
 u - a scroll of enchant armour
 w - a scroll of immolation {unknown}
 B - 2 scrolls of identify
 C - a scroll of fog
 D - a scroll of blinking {unknown}
Potions
 b - a potion of magic
 c - 2 potions of flight {unknown}
 d - a potion of brilliance
 h - 3 potions of haste
 l - a potion of might
 m - 5 potions of attraction
 s - 2 potions of curing {unknown}
 x - 2 potions of mutation {unknown}
 z - 2 potions of berserk rage {unknown}
 A - 2 potions of heal wounds {unknown}
 E - 2 potions of lignification {unknown}


   Skills:
 - Level 7.5 Short Blades
 * Level 2.1 Maces & Flails
 + Level 5.1 Dodging
 + Level 6.0 Stealth
 * Level 7.2 Spellcasting
 - Level 9.1 Necromancy


You had 19 spell levels left.
You knew the following spells:

 Your Spells              Type           Power      Damage    Failure   Level
a - Pain                  Necr           100%       1d9       1%          1
b - Vampiric Draining     Necr           46%        2d9       1%          3

Your spell library contained the following spells:

 Spells                   Type           Power      Damage    Failure   Level
 Animate Skeleton         Necr           92%        N/A       1%          1
 Sublimation of Blood     Necr           46%        N/A       1%          2
 Animate Dead             Necr           23%        N/A       1%          4
 Agony                    Necr           46%        N/A       5%          5
 Sandblast                Erth           14%        2d6       9%          1
 Blink                    Tloc           14%        N/A       13%         2
 Passwall                 Tmut/Erth      5%         N/A       13%         2
 Stone Arrow              Conj/Erth      14%        3d7       26%         3
 Petrify                  Tmut/Erth      7%         N/A       65%         4
 Irradiate                Conj/Tmut      3%         3d14      94%         5
 Manifold Assault         Tloc           7%         N/A       94%         5
 Storm Form               Tmut/Air       3%         N/A       100%        7
 Chain Lightning          Conj/Air       3%         3d4       100%        9
 Fire Storm               Conj/Fire      3%         8d1       100%        9
 Shatter                  Erth           3%         3d7*      100%        9


Dungeon Overview and Level Annotations

Branches:
Dungeon (10/15)            Temple (1/1) D:6         Ossuary (visited)
   Lair: D:8-11         Orc: D:9-12

Altars:
Ashenzari
Cheibriados
Dithmenos
Elyvilon
Gozag
Hepliaklqana
Kikubaaqudgha
Makhleb
Nemelex Xobeh
Okawaru
Qazlal
Ru
Sif Muna
Trog
Uskayaw
Vehumet
Wu Jian
Xom
Yredelemnul
Zin
The Shining One

Shops:
D:2 [

Annotations:
D:7 1 runed translucent door, sokol815's ghost, novice OpFi
D:8 Psyche


Innate Abilities, Weirdness & Mutations

You are a sentient fungus.
You are tiny and evasive.
Your melee attack releases spores that confuse breathing creatures.
You become terrified and freeze when enemies are visible.
Your armour is entirely melded.
You are incapable of wielding weapons or throwing items.
You cannot cast spells.
((You are mostly covered in sharp spines.))
You regenerate magic rapidly.
((When seriously injured, your blood forms very thick armour. (AC +0)))
((You have a small tail.))


Message History

Something tries to affect you, but you resist.
You hear some strange, mumbled words.
A swirling arc of seething chaos appears!
An arc of chaos appears from out of thin air!
The arc of chaos hits you!
You feel yourself speed up.
The arc of chaos grounds out.
You turn into a sentient fungus.
Your +2 dagger of protection melds into your body.
Your scarf of repulsion melds into your body.
Your +1 helmet melds into your body.
The +1 pair of boots of Bedevilment {rElec} melds into your body.
Your +0 robe melds into your body.
Your +2 dagger of protection goes still.
The haze of the repulsion field disappears.
Your blood armour dries and flakes away.
Psyche appears from thin air!
Reactivating autopickup.
Psyche mumbles some strange words.
A swirling arc of seething chaos appears!
The arc of chaos hits you.
You're too terrified to move while being watched!
Psyche casts a spell.
Psyche flickers and vanishes!
Deactivating autopickup; reactivate with Ctrl-A.
You hear some strange, mumbled words.
A swirling arc of seething chaos appears!
An arc of chaos appears from out of thin air!
The arc of chaos hits you. Something closely misses you.
You barely miss something. Something completely misses you.
You release spores at something.
Something shouts, "What's happening?!"
You release spores at something.
Something hits you. Space warps horribly around you!
* * * LOW HITPOINT WARNING * * *
You closely miss something. Something hits you.
* * * LOW HITPOINT WARNING * * *
Something hits you.
You die...

####### #.).##)...###
......## #...#.###)..##
.......####..##.)))...#
........###..#.####...#
..[......##..## ##..#
.........##..# #..#
.........#...## ##..#
..............#####...#
.........####...f.....###
.........# ##..##......#
.........# ##..#......#
......^..# ###.......#
#.......## #........#
######### #(.......#
#.......... ##.......###
##......#


There were no monsters in sight!

Vanquished Creatures
  A centaur warrior (D:8)
  Pikel (D:6)
  Joseph (D:7)
  Maggie (D:6)
  A troll (D:6)
  A hornet (D:8)
  2 wraiths (Ossuary)
  2 yaks (D:8)
  Menkaure (D:7)
  2 water moccasins
  Duvessa (D:5)
  3 black bears
  An ice beast (D:6)
  A sky beast (D:7)
  5 ogres
  A phantom (D:5)
  A kobold brigand (D:7)
  A necrophage (D:6)
  2 elf skeletons (D:7)
  2 scorpions
  3 wights (Ossuary)
  3 killer bees (D:8)
  Dowan (D:5)
  A howler monkey (D:8)
  2 gnoll shamans (D:7)
  4 jellies
  5 hounds
  An orc priest (D:7)
  4 iguanas
  Ijyb (D:5)
  2 human skeletons (D:7)
  5 orc wizards
  Robin (D:4)
  3 adders
  11 gnolls
  A shadow imp (D:6)
  A white imp (D:7)
  2 adder zombies (Ossuary)
  5 worms
  A dart slug (D:3)
  26 orcs
  4 endoplasms
  8 giant cockroaches
  9 hobgoblins
  7 quokkas
  5 ball pythons
  2 ball python skeletons (Ossuary)
  3 bats
  4 frilled lizards
  19 goblins
  7 kobolds
  A kobold zombie (Ossuary)
  4 orc skeletons
  2 orc zombies
  5 rats
194 creatures vanquished.

Notes
Turn   | Place    | Note
-------+----------+-------------------------------------------
     0 | D:1      | ytrimaz the Demonspawn Necromancer began the quest for the
                  | Orb.
     0 | D:1      | Reached XP level 1. HP: 13/13 MP: 3/3
   523 | D:1      | Gained mutation: You regenerate magic rapidly. [demonic
                  | ancestry]
   523 | D:1      | Reached XP level 2. HP: 17/19 MP: 5/5
   998 | D:1      | Reached skill level 5 in Necromancy
  1186 | D:2      | Found Roamp's Armour Emporium.
  1580 | D:2      | Gained mutation: You are partially covered in sharp spines.
                  | [demonic ancestry]
  1580 | D:2      | Reached XP level 3. HP: 14/24 MP: 4/6
  1763 | D:2      | Identified the +0 ring mail of Optimism {Harm rF++ rC-
                  | Will+}
  1965 | D:2      | Reached skill level 1 in Short Blades
  2384 | D:3      | Identified the +1 pair of boots of Bedevilment {rElec}
  2452 | D:3      | Identified the +5 short sword of Casaog {flame, Fragile
                  | rCorr Str+3 Int+2}
  2652 | D:3      | Learned a level 3 spell: Vampiric Draining
  3135 | D:4      | Gained mutation: You have a small tail. [demonic ancestry]
  3135 | D:4      | Reached XP level 4. HP: 28/30 MP: 7/7
  3320 | D:4      | Noticed Robin
  3358 | D:4      | Killed Robin
  3359 | D:4      | Reached XP level 5. HP: 21/35 MP: 8/8
  3751 | D:4      | Noticed an ogre
  4287 | D:4      | Killed an ogre
  4288 | D:4      | Gained mutation: You are mostly covered in sharp spines.
                  | [demonic ancestry]
  4288 | D:4      | Reached XP level 6. HP: 15/41 MP: 8/10
  4553 | D:4      | Found a faded altar of an unknown god.
  4553 | D:4      | Found a radiant altar of Vehumet.
  4566 | D:4      | Found a faded altar of an unknown god.
  4572 | D:4      | Found a burning altar of Makhleb.
  4601 | D:5      | Entered Level 5 of the Dungeon
  4860 | D:5      | Gained mutation: When seriously injured, your blood forms
                  | armour. (AC +0) [demonic ancestry]
  4860 | D:5      | Reached XP level 7. HP: 44/46 MP: 11/11
  4896 | D:5      | Reached skill level 6 in Necromancy
  4978 | D:5      | Noticed Duvessa
  4978 | D:5      | Noticed Dowan
  4978 | D:5      | Noticed Ijyb
  4979 | D:5      | Paralysed by Ijyb for 5 turns
  4989 | D:5      | Killed Duvessa
  4996 | D:5      | Killed Ijyb
  5004 | D:5      | Killed Dowan
  5297 | D:5      | Reached skill level 7 in Necromancy
  5297 | D:5      | Gained mutation: When seriously injured, your blood forms
                  | thick armour. (AC +0) [demonic ancestry]
  5297 | D:5      | Reached XP level 8. HP: 48/52 MP: 14/14
  5629 | D:6      | Noticed Maggie
  5645 | D:6      | Reached skill level 5 in Short Blades
  5652 | D:6      | Killed Maggie
  5653 | D:6      | Reached skill level 5 in Spellcasting
  5905 | D:6      | Reached skill level 8 in Necromancy
  5957 | D:6      | Noticed a troll
  5970 | D:6      | Killed a troll
  6042 | D:6      | Reached XP level 9. HP: 36/57 MP: 17/17
  6118 | D:6      | Noticed Pikel
  6141 | D:6      | Killed Pikel
  6776 | D:6      | Found a staircase to the Ecumenical Temple.
  6862 | Temple   | Entered the Ecumenical Temple
  7007 | Temple   | Became a worshipper of Dithmenos the Shadowed
  7069 | D:7      | Found a runed translucent door.
  7170 | D:7      | Noticed sokol815's ghost (novice OpFi)
  7208 | D:7      | You fall into a shaft and drop 3 floors!
  7208 | D:10     | Entered Level 10 of the Dungeon
  7293 | D:7      | Noticed Menkaure
  7300 | D:7      | Killed Menkaure
  7375 | D:7      | Noticed Joseph
  7395 | D:7      | Killed Joseph
  7396 | D:7      | Reached skill level 9 in Necromancy
  7712 | D:7      | Found a sand-covered staircase.
  7717 | Ossuary  | Entered an ossuary
  8028 | Ossuary  | Gained mutation: When seriously injured, your blood forms
                  | very thick armour. (AC +0) [demonic ancestry]
  8028 | Ossuary  | Reached XP level 10. HP: 63/63 MP: 20/20
  8259 | D:7      | Reached * piety under Dithmenos
  8751 | D:7      | Identified the +10 mace of Enyampada {venom, rPois rCorr
                  | Int+6}
  8830 | D:7      | Reached skill level 5 in Stealth
  9443 | D:8      | Noticed a centaur warrior
  9457 | D:8      | Killed a centaur warrior
  9458 | D:8      | Reached skill level 1 in Maces & Flails
  9726 | D:8      | Reached skill level 5 in Dodging
  9746 | D:8      | Reached ** piety under Dithmenos
 10124 | D:8      | Noticed Psyche
 10204 | D:8      | HP: 1/63 [something (6)]
 10205 | D:8      | Slain by Psyche

Illustrated notes

Levels and vault maps discovered:
D:1:      shiori_arrival_oz, layout_loops_ring
D:2:      layout_loops_corners, serial_shops, shop, kennysheep_cluttered_room
D:3:      layout_basic
D:4:      layout_basic, chequers_temple_overflow_minitemple, uniq_robin
D:5:      layout_rooms, uniq_duvessa, uniq_ijyb
D:6:      layout_basic, minmay_temple_entry_nine_rooms, uniq_pikel, uniq_maggie
D:7:      layout_gridville, ebering_ghost_reflecting_pool,
          nicolae_ossuary_entry_catacombs, uniq_menkaure, uniq_joseph
D:8:      layout_cave_pods, minmay_manual_maat, uniq_psyche, uniq_erica
D:9:      layout_roguey, fedhas_altar_2
D:10:     layout_cave_pools
Temple:   hc_temple_tempest_star

Skill      XL: |  1  2  3  4  5  6  7  8  9 10 |
---------------+-------------------------------+-----
Necromancy     | 5 7 8 9 |  9.1
Short Blades   | 1 2 3 4 5 7 |  7.5
Dodging        | 2 3 4 5 |  5.1
Stealth        | 2 3 4 6 |  6.0
Spellcasting   | 3 4 5 6 7 |  7.2
Maces & Flails | 2 |  2.1

Action                   |  1- 3 |  4- 6 |  7- 9 | 10-12 || total
-------------------------+-------+-------+-------+-------++-------
Melee: Dagger            |   102 |    91 |   201 |   118 ||   512
       Tailslap          |       |     6 |    26 |    24 ||    56
       Punch             |       |     1 |     4 |       ||     5
       Unarmed           |       |       |       |     8 ||     8
       Mace              |       |       |       |     7 ||     7
 Cast: Pain              |    27 |    17 |    16 |       ||    60
       Vampiric Draining |       |     2 |    21 |     6 ||    29
  Use: Scroll            |     7 |     3 |     4 |     3 ||    17
 Stab: Sleeping          |     7 |     3 |    15 |     4 ||    29
       Distracted        |       |       |       |     1 ||     1
Armor: Robe              |    19 |    23 |    52 |    47 ||   141
Dodge: Dodged            |    66 |    45 |    94 |    79 ||   284
       Repelled          |       |     2 |     1 |       ||     3

Table legend: (Time is in decaauts)
 A = Elapsed time spent in this place.
 B = Non-inter-level travel time spent in this place.
 C = Inter-level travel time spent in this place.
 D = Time resting spent in this place.
 E = Time spent auto-exploring this place.
 F = Levels seen in this place.
 G = Mean time per level.
                   A        B        C        D        E       F      G
               +--------+--------+--------+--------+--------+-----+--------+
         Total |  10093 |   9807 |    286 |    654 |   7326 |  12 |  841.1 |
       Dungeon |   9434 |   9157 |    277 |    585 |   6930 |  10 |  943.4 |
        Temple |    155 |    146 |      9 |      0 |     78 |   1 |  155.0 |
       Ossuary |    503 |    503 |      0 |     69 |    318 |   1 |  503.0 |
               +--------+--------+--------+--------+--------+-----+--------+

Top non-repeatable levels by time:
     D:7: 1626 daAuts
     D:6: 1272 daAuts
     D:4: 1257 daAuts
     D:1: 1184 daAuts
     D:3: 1131 daAuts
     D:2: 1011 daAuts
     D:5: 984 daAuts
     D:8: 887 daAuts
 Ossuary: 503 daAuts
  Temple: 155 daAuts
     D:9: 59 daAuts
    D:10: 18 daAuts
